 Dungeon Crawl Stone Soup version 0.17-a0-1748-g222fba8 (webtiles) character file.

189 kae the Ruffian (level 5, -3/40 HPs)
             Began as a Draconian Transmuter on Sept 1, 2015.
             Killed from afar by an orc wizard (7 damage)
             ... with a puff of flame
             ... on level 3 of the Dungeon.
             The game lasted 00:03:35 (2114 turns).

kae the Ruffian (Draconian Transmuter)              Turns: 2114, Time: 00:03:35

Health: -3/40      AC:  5    Str: 13    XL:     5   Next: 40%
Magic:  7/8        EV: 12    Int: 13    God:
Gold:   192        SH:  0    Dex: 12    Spells: 1 memorised, 7 levels left

rFire  . . .     SeeInvis .       - Unarmed
rCold  . . .     Clarity  .     (armour unavailable)
rNeg   . . .     SustAt   .     (no shield)
rPois  .         Gourm    .     (helmet restricted)
rElec  .         Spirit   .     (no cloak)
rCorr  .         Warding  .     (no gloves)
rMut   .         Stasis   .     (no boots)
MR     .....                    (no amulet)
Stlth  +.........               (no ring)
                                (no ring)

@: lethally poisoned (-3 -> -13), appendage (expiring), not resistant to hostile
enchantments, very unstealthy
A: unfitting armour, horns 2, cold-blooded, AC +5
a: End Transformation


You were on level 3 of the Dungeon.
You were hungry.
You had grown temporary horns.
You visited 1 branch of the dungeon, and saw 3 of its levels.

You collected 192 gold pieces.

Inventory:

Missiles
 a - 93 arrows
Jewellery
 f - an uncursed amulet of faith {unknown}
Scrolls
 d - 2 scrolls of blinking {unknown}
 g - 2 scrolls of identify {unknown}
 i - a scroll of magic mapping {unknown}
 k - a scroll of teleportation {unknown}
 p - 2 scrolls of remove curse {unknown}
 q - a scroll of fear {unknown}
 s - a scroll of amnesia {unknown}
 t - a scroll of random uselessness {unknown}
 v - a scroll of fog {unknown}
Potions
 l - a potion of magic {unknown}
 n - a potion of experience {unknown}
 o - a potion of mutation {unknown}
 r - a potion of agility {unknown}
Books
 b - a book of Changes

   Spells                             Type                      Level
   a - Beastly Appendage              Transmutation                1
   b - Sticks to Snakes               Transmutation                2
   c - Spider Form                    Transmutation/Poison         3
   d - Ice Form                       Ice/Transmutation            4
   e - Blade Hands                    Transmutation                5
Comestibles
 c - 5 bread rations
 j - 9 fruits
 m - a meat ration
 u - 7 chunks of flesh


   Skills:
 - Level 1.1 Fighting
 - Level 1.7 Dodging
 + Level 6.2 Unarmed Combat
 - Level 2.0 Spellcasting
 - Level 2.0 Transmutations


You had 7 spell levels left.
You knew the following spells:

 Your Spells              Type           Power        Failure   Level  Hunger
a - Beastly Appendage     Trmt           #.....       12%         1    ##.....


Dungeon Overview and Level Annotations

Branches:
Dungeon (3/15)

Altars:


Innate Abilities, Weirdness & Mutations

Your plain brown scales are hard (AC +5).
Your body does not fit into most forms of armour.
You are cold-blooded and may be slowed by cold attacks.
You have a pair of horns on your head.


Message History

Unknown command.
You miss something. Something hits you but does no damage.
Unknown command.
You barely miss something.
Your tail-slap misses something.
Something completely misses you.
Unknown command.
You closely miss something.
Your tail-slap misses something.
Your transformation is almost over.
Something hits you but does no damage.
Unknown command.
Drink which item? (? for menu, Esc to quit)
It was a potion of poison.
That liquid tasted very nasty...
You are lethally poisoned!
* * * LOW HITPOINT WARNING * * *
You feel sick.
You hear some strange, mumbled words.
A puff of flame appears from out of thin air!
The puff of flame hits you!
You die...

).).......# ####.#########.# #.#.
####.###.## #.......##.....###.##
####.# #.# #$##...............#
..##.# #.##.#.##.##.##.#########
.....###.##......).....#
......##.####.##)##.####
#.###.##.####.##.##.# #######
#.............).{...#####........
#...........####@#........#######
##.#...#.##.......######### ##
##.#..............# #.
##.#...#.######.#.# #. #####.#
##.#..# #. >.# ##.###.## #.
##.### #.## ##.# #.
....#####.###.## #.
...........#.<# #.


There were no monsters in sight!

Vanquished Creatures
  An orc priest (D:3)
  Robin (D:3)
  4 gnolls (D:2)
  3 adders
  5 worms
  2 giant geckos
  3 orcs (D:3)
  A ball python (D:1)
  7 bats
  2 giant cockroaches
  9 goblins
  11 hobgoblins
  A quokka (D:2)
  3 giant newts
  6 kobolds
  6 rats
65 creatures vanquished.

Notes
Turn   | Place    | Note
--------------------------------------------------------------
     0 | D:1      | kae the Draconian Transmuter began the quest for the Orb.
     0 | D:1      | Reached XP level 1. HP: 16/16 MP: 3/3
   254 | D:1      | Reached XP level 2. HP: 15/23 MP: 1/5
   378 | D:1      | Reached skill level 4 in Unarmed Combat
   738 | D:2      | Reached XP level 3. HP: 28/28 MP: 4/6
   901 | D:2      | Reached XP level 4. HP: 35/35 MP: 7/7
   957 | D:2      | Reached skill level 5 in Unarmed Combat
  1866 | D:3      | Noticed Robin
  1893 | D:3      | Reached XP level 5. HP: 30/40 MP: 8/8
  1912 | D:3      | Killed Robin
  2077 | D:3      | Reached skill level 6 in Unarmed Combat
  2102 | D:3      | HP: 2/40 [something (5)]
  2114 | D:3      | Killed from afar by an orc wizard

Vault maps used:
D:1:      dpeg_arrival_rooms_with_view
D:2:      minmay_ruptured
D:3:      fedhas_altar_1, serial_bayou_pond_b, uniq_crazy_yiuf_cottage,
          uniq_robin

Action                   |  1- 3 |  4- 6 || total
-------------------------+-------+-------++-------
Melee: Unarmed           |   113 |   186 ||   299
 Cast: Beastly Appendage |     8 |    10 ||    18
  Use: Potion            |       |     2 ||     2
 Stab: Sleeping          |     1 |     1 ||     2
  Eat: Chunk             |       |     4 ||     4
